 Dungeon Crawl Stone Soup version 0.26.1-2-gb8aa6d0cf2 (webtiles) character file.

Game seed: 4272947020430965879

5167 Gadfly the Magus (level 10, 0/76 HPs)
             Began as a Demonspawn Monk on Feb 9, 2021.
             Was an Elder of Nemelex Xobeh.
             Splashed by a goliath frog's acid (5 damage)
             ... on level 10 of the Dungeon.
             The game lasted 00:15:46 (10495 turns).

Gadfly the Magus (Demonspawn Monk)                 Turns: 10495, Time: 00:15:47

Health: 0/76       AC: 13    Str: 15    XL:     10   Next: 34%
Magic:  0/16       EV:  6    Int: 10    God:    Nemelex Xobeh [****..]
Gold:   488        SH:  0    Dex: 15    Spells: 9/9 levels left

rFire    . . .     SeeInvis .   a - +1 battleaxe (freeze)
rCold    + . .     Faith    .   (shield currently unavailable)
rNeg     . . .     Spirit   +   f - +0 plate armour
rPois    .         Reflect  .   g - +2 helmet
rElec    .         Harm     .   A - +0 cloak
rCorr    .         Rampage  .   (no gloves)
Will     .....                  d - +0 pair of boots
Stlth    ..........             o - amulet of guardian spirit
HPRegen  0.22/turn              l - ring of protection from cold
MPRegen  0.15/turn              v - ring of flight

@: corroded
A: talons 1, thin metallic scales 1, demonic guardian 1, dopey 1, powered by
pain 2
a: Renounce Religion, Evoke Flight, Draw Escape, Draw Destruction, Draw
Summoning, Triple Draw, Deal Four


You were on level 10 of the Dungeon.
You worshipped Nemelex Xobeh.
Nemelex Xobeh was greatly pleased with you.
You visited 2 branches of the dungeon, and saw 11 of its levels.

You collected 548 gold pieces.
You spent 60 gold pieces at shops.

Inventory:

Hand Weapons
 a - a +1 battleaxe of freezing (weapon)
 b - a +0 scythe of venom
 c - a +1 dagger of venom
 r - a -1 executioner's axe
 x - a +5 trident of freezing
Armour
 d - a +0 pair of boots (worn)
 f - a +0 plate armour (worn)
 g - a +2 helmet (worn)
 A - a +0 cloak (worn)
Jewellery
 l - a ring of protection from cold (left hand)
 o - an amulet of guardian spirit (around neck)
 v - a ring of flight (right hand)
 B - an uncursed amulet of reflection
Wands
 m - a wand of flame (8)
 n - a wand of digging (5)
 w - a wand of random effects (7)
Scrolls
 e - 5 scrolls of identify
 k - 3 scrolls of teleportation
 p - 2 scrolls of remove curse
 q - 2 scrolls of magic mapping
 s - 3 scrolls of fear
Potions
 h - 2 potions of lignification
 i - a potion of mutation
 j - a potion of attraction
 t - 2 potions of curing
 u - 3 potions of heal wounds
 z - a potion of resistance
 C - a potion of brilliance {unknown}
Miscellaneous
 y - a box of beasts


   Skills:
 + Level 5.9 Fighting
 * Level 7.6 Axes
 * Level 7.5 Armour
 - Level 2.6 Dodging
 - Level 1.7 Stealth
 + Level 8.3 Invocations
 + Level 6.3 Evocations


You had 9 spell levels left.
You didn't know any spells.
Your spell library contained the following spells:

 Spells                   Type           Power        Failure   Level
 Animate Skeleton         Necr           0%           100%        1
 Pain                     Necr           0%           100%        1
 Vampiric Draining        Necr           0%           100%        3
 Animate Dead             Necr           0%           100%        4
 Agony                    Necr           0%           100%        5


Dungeon Overview and Level Annotations

Branches:
Dungeon (10/15)            Temple (1/1) D:4
   Lair: D:8-11         Orc: D:9-12

Altars:
Ashenzari
Cheibriados
Dithmenos
Elyvilon
Fedhas
Gozag
Hepliaklqana
Kikubaaqudgha
Makhleb
Nemelex Xobeh
Okawaru
Qazlal
Ru
Sif Muna
Trog
Uskayaw
Vehumet
Wu Jian
Xom
Yredelemnul
Zin
The Shining One

Shops:
D:6 *

Annotations:
D:9 2 transporters, Gadfly's ghost, journeyman FoFi


Innate Abilities, Weirdness & Mutations

You have sharp toenails.
You are partially covered in thin metallic scales. (AC +2)
A weak demonic guardian rushes to your aid.
You sometimes gain power by taking damage.
You are dopey. (Int -2)


Message History

The quokka convulses!
The goliath frog hits you from afar.
* * * LOW HITPOINT WARNING * * *
The acid corrodes you!
You are splashed with acid.
* * * LOW HITPOINT WARNING * * *
The quokka bites you but does no damage.
Your white imp closely misses the goliath frog.
The goliath frog hits you but does no damage.
Your white imp hits the goliath frog.
Your white imp freezes the goliath frog.
The goliath frog seems to slow down.
You draw a card...
You have drawn Vitriol.
Press: ? - help, Shift-Dir - straight line, f/p - goliath frog
Aim: a goliath frog (lightly wounded, slow, misshapen and mutated)
The bolt of acid misses the goliath frog.
The quokka barely misses you. The goliath frog hits you from afar!
* * * LOW HITPOINT WARNING * * *
You are splashed with acid!
You die...
Your body disappears without a glow.

################
......†.5)......
#.)F......
#r.####### #@.#
#..# #..# #..#
#..# ..# #..#
..# #..# ..# #.#
#..#########..#
#.#
#...>.........#


You could see a goliath frog (slow, misshapen), a quokka (misshapen) and a
friendly white imp (summoned).

Vanquished Creatures
  Joseph (D:8)
  A troll (D:10)
  A wyvern (D:6)
  2 ice beasts (D:6)
  3 phantoms
  2 sky beasts
  2 centaurs
  2 ogres
  3 big kobolds
  6 bullfrogs
  3 scorpions
  7 wights
  A howler monkey (D:4)
  A bullfrog zombie (D:8)
  3 hounds
  2 jellies
  A gnoll shaman (D:10)
  3 orc priests
  A bullfrog skeleton (D:10)
  An iguana (D:6)
  2 orc wizards
  Natasha (twice) (D:3)
  A statue (D:4)
  4 worker ants
  3 hound zombies
  2 hound skeletons
  A worker ant zombie (D:5)
  A howler monkey skeleton (D:9)
  A howler monkey zombie (D:6)
  A gnoll (D:6)
  8 adders
  A shadow imp (D:6)
  3 white imps
  2 ufetubi
  2 oozes (D:3)
  3 worms
  3 dart slugs
  4 leopard geckos
  8 orcs
  2 bats
  2 giant cockroaches
  9 goblins
  9 hobgoblins
  12 jackals
  3 quokkas
  A ball python (D:1)
  10 frilled lizards
  20 kobolds
  4 rats
170 creatures vanquished.

Vanquished Creatures (collateral kills)
  Gastronok (D:8)
  Sigmund (D:3)
  A sky beast (D:6)
  2 centaurs
  A wight (D:9)
  A bullfrog zombie (D:3)
  An orc priest (D:7)
  Natasha (D:3)
  2 orc wizards
  A worker ant (D:6)
  A hound skeleton (D:6)
  A worker ant zombie (D:7)
  2 gnolls (D:10)
  An adder (D:3)
  A river rat (D:6)
  A white imp (D:6)
  2 orcs
  A quokka (D:4)
22 creatures vanquished.

Grand Total: 192 creatures vanquished

Notes
Turn   | Place    | Note
-------+----------+-------------------------------------------
     0 | D:1      | Gadfly the Demonspawn Monk began the quest for the Orb.
     0 | D:1      | Reached XP level 1. HP: 18/18 MP: 1/1
   282 | D:1      | Reached skill level 1 in Invocations
   288 | D:1      | Gained mutation: You sometimes gain a little power by
                  | taking damage. [demonic ancestry]
   288 | D:1      | Reached XP level 2. HP: 15/24 MP: 2/2
   409 | D:1      | Reached skill level 1 in Evocations
   744 | D:1      | Reached skill level 1 in Armour
   940 | D:2      | Gained mutation: You sometimes gain power by taking damage.
                  | [demonic ancestry]
   940 | D:2      | Reached XP level 3. HP: 18/29 MP: 4/4
  1467 | D:2      | Reached skill level 2 in Invocations
  1885 | D:3      | Found a bloodstained altar of Trog.
  2243 | D:3      | Gained mutation: A weak demonic guardian rushes to your
                  | aid. [demonic ancestry]
  2243 | D:3      | Reached XP level 4. HP: 35/35 MP: 5/5
  2413 | D:3      | Noticed Natasha
  2423 | D:3      | Killed Natasha
  2645 | D:3      | Noticed Sigmund
  2661 | D:3      | Killed Sigmund
  2662 | D:3      | Reached skill level 3 in Invocations
  2662 | D:3      | Reached XP level 5. HP: 30/41 MP: 7/7
  2829 | D:3      | Noticed Natasha
  2836 | D:3      | Killed Natasha
  2917 | D:3      | Noticed Natasha
  2927 | D:3      | Killed Natasha
  2928 | D:3      | Reached XP level 6. HP: 36/47 MP: 8/8
  3039 | D:3      | Gained mutation: You are weak. (Str -2) [potion of
                  | mutation]
  3039 | D:3      | Gained mutation: Your mind is acute. (Int +2) [potion of
                  | mutation]
  3040 | D:3      | Lost mutation: Your mind is acute. (Int +2) [potion of
                  | mutation]
  3040 | D:3      | Lost mutation: You are weak. (Str -2) [potion of mutation]
  3040 | D:3      | Gained mutation: You are dopey. (Int -2) [potion of
                  | mutation]
  3040 | D:3      | Gained mutation: You are partially covered in thin metallic
                  | scales. (AC +2) [potion of mutation]
  3068 | D:3      | Found a shimmering altar of Xom.
  3072 | D:3      | Found an ancient bone altar of Kikubaaqudgha.
  3266 | D:4      | Found a broken altar of Ashenzari.
  3300 | D:4      | Reached skill level 4 in Invocations
  3828 | D:4      | Found a radiant altar of Vehumet.
  3947 | D:4      | Reached XP level 7. HP: 27/52 MP: 10/10
  4225 | D:4      | Found a staircase to the Ecumenical Temple.
  4246 | Temple   | Entered the Ecumenical Temple
  4368 | Temple   | Became a worshipper of Nemelex Xobeh the Trickster
  4368 | Temple   | Reached * piety under Nemelex Xobeh
  4368 | Temple   | Received a gift from Nemelex Xobeh
  4368 | Temple   | Reached ** piety under Nemelex Xobeh
  4498 | D:5      | Entered Level 5 of the Dungeon
  4666 | D:5      | Reached skill level 5 in Invocations
  5282 | D:5      | Received a gift from Nemelex Xobeh
  5902 | D:6      | Gained mutation: You have sharp toenails. [demonic
                  | ancestry]
  5902 | D:6      | Reached XP level 8. HP: 59/59 MP: 12/12
  6021 | D:6      | Reached skill level 5 in Axes
  6027 | D:6      | Reached skill level 6 in Invocations
  6037 | D:6      | Reached skill level 5 in Armour
  6629 | D:6      | Received a gift from Nemelex Xobeh
  6629 | D:6      | Reached *** piety under Nemelex Xobeh
  6673 | D:6      | Found Wujaazxa's Lightly-Used Armoury.
  6681 | D:6      | Bought a -1 executioner's axe for 60 gold pieces
  6907 | D:7      | Reached skill level 5 in Evocations
  6992 | D:7      | Mutation became permanent: You are partially covered in
                  | thin metallic scales. (AC +2) [demonic ancestry]
  6992 | D:7      | Gained mutation: You are partially covered in thin metallic
                  | scales. (AC +2) [demonic ancestry]
  6992 | D:7      | Reached XP level 9. HP: 28/62 MP: 7/13
  7332 | D:7      | Received a gift from Nemelex Xobeh
  7925 | D:8      | Found a shadowy altar of Dithmenos.
  8188 | D:8      | Noticed Gastronok
  8198 | D:8      | Killed Gastronok
  8199 | D:8      | Reached skill level 5 in Fighting
  8199 | D:8      | Reached skill level 7 in Invocations
  8537 | D:8      | Received a gift from Nemelex Xobeh
  8593 | D:8      | Noticed Joseph
  8611 | D:8      | Killed Joseph
  8612 | D:8      | Reached XP level 10. HP: 17/74 MP: 6/15
  8910 | D:8      | Reached **** piety under Nemelex Xobeh
  9258 | D:9      | Noticed a frost giant
  9258 | D:9      | Noticed Gadfly's ghost (journeyman FoFi)
  9313 | D:9      | Found a white marble altar of Elyvilon.
  9332 | D:9      | Reached skill level 8 in Invocations
  9516 | D:9      | Found a stormy altar of Qazlal.
  9634 | D:9      | Found a transporter.
  9638 | D:9      | Found a transporter.
 10162 | D:10     | Entered Level 10 of the Dungeon
 10480 | D:10     | Noticed a two-headed ogre
 10492 | D:10     | Noticed a goliath frog
 10492 | D:10     | a two-headed ogre changed into a goliath frog
 10495 | D:10     | Splashed by a goliath frog's acid

Illustrated notes

Levels and vault maps discovered:
D:1:      dpeg_arrival_more_subterranean_lakeside_camping, layout_loops_ring,
          minmay_pentomino_x4
D:2:      layout_basic
D:3:      layout_basic, lemuel_crystal_altar, nicolae_overflow_hidden_temple,
          uniq_sigmund, uniq_natasha
D:4:      layout_loops_ring, vehumet_statue, ashenzari_conservatory_becter,
          minmay_temple_entry_antechambers, grunt_decor_clamped
D:5:      layout_basic
D:6:      layout_rooms, minmay_shop_damaged, hangedman_decor_push
D:7:      layout_basic
D:8:      layout_loops_ring, nicolae_dithmenos_the_darkroom, uniq_joseph,
          uniq_gastronok
D:9:      layout_loops_ring, elyvilon_altar_3, lemuel_crystal_altar,
          gammafunk_ghost_arena
D:10:     layout_long_grid, david_lair_generic, grunt_ministairs_12,
          minivault_11
Temple:   zaba_magenta_temple

Skill      XL: |  1  2  3  4  5  6  7  8  9 10 |
---------------+-------------------------------+-----
Invocations    | 1 2 3 4 5 6 7 8 |  8.3
Evocations     | 1 2 3 4 5 6 |  6.3
Armour         | 1 2 3 4 5 7 |  7.5
Axes           | 3 4 5 7 |  7.6
Fighting       | 4 5 |  5.9
Dodging        | |  2.6
Stealth        | |  1.7

Action                   |  1- 3 |  4- 6 |  7- 9 | 10-12 || total
-------------------------+-------+-------+-------+-------++-------
Melee: Hand axe          |    36 |       |       |       ||    36
       Dagger            |   101 |       |       |       ||   101
       War axe           |    12 |   131 |   250 |       ||   393
       Scythe            |       |       |     5 |       ||     5
       Battleaxe         |       |       |   112 |   105 ||   217
Invok: Draw Destruction  |       |       |     5 |     3 ||     8
       Draw Summoning    |       |       |     1 |       ||     1
Evoke: Wand              |       |       |     3 |       ||     3
  Use: Scroll            |     7 |     1 |     7 |     2 ||    17
       Potion            |     1 |     2 |       |       ||     3
 Stab: Sleeping          |     4 |       |       |       ||     4
       Distracted        |       |       |     2 |       ||     2
Armor: Robe              |    16 |       |       |       ||    16
       Chain mail        |    28 |       |       |       ||    28
       Plate armour      |    15 |   108 |   394 |   114 ||   631
       Ring mail         |     3 |       |       |       ||     3
Dodge: Dodged            |    74 |    28 |   123 |    51 ||   276
